 Dungeon Crawl Stone Soup version 0.16.1 (webtiles) character file.

4721 MaybeFactor the Fighter (level 10, -8/93 HPs)
             Began as a Minotaur Fighter on May 3, 2015.
             Was a Priest of Elyvilon.
             Mangled by a 12-headed hydra (11 damage)
             ... on level 1 of the Lair of Beasts.
             The game lasted 01:02:58 (6515 turns).

MaybeFactor the Fighter (Minotaur Fighter)          Turns: 6515, Time: 01:02:59

Health: -8/93      AC: 21    Str: 24    XL:     10   Next: 22%
Magic:  2/4        EV:  7    Int:  5    God:    Elyvilon [***...]
Gold:   427        SH: 12    Dex: 10    Spells: 0 memorised, 9 levels left

rFire  . . .     SeeInvis .     A - +2 scimitar (flame)
rCold  . . .     Clarity  .     D - +1 plate armour
rNeg   + . .     SustAb   .     c - +1 shield
rPois  .         Gourm    .     (helmet restricted)
rElec  .         Spirit   .     s - +2 cloak
rCorr  .         Warding  .     H - +2 pair of gloves
rMut   .         Stasis   .     (no boots)
MR     .....                    (no amulet)
Stlth  ..........               m - ring of positive energy
                                i - ring of stealth

@: very slightly contaminated, not resistant to hostile enchantments, extremely
unstealthy
A: retaliatory headbutt, horns 2
a: Lesser Healing, Divine Protection, Heal Other, Purification, Renounce
Religion


You were on level 1 of the Lair of Beasts.
You worshipped Elyvilon.
Elyvilon was most pleased with you.
You were hungry.

You visited 2 branches of the dungeon, and saw 9 of its levels.
You also visited: Sewer.

You collected 427 gold pieces.

Inventory:

Hand weapons
 a - a +3 war axe
 k - a +2 mace of draining
 q - a cursed +1 falchion of protection
 t - a +1 short sword of speed
 v - a +2 halberd
 w - a +2 dagger
 x - a cursed +1 short sword
 A - a +2 scimitar of flaming (weapon)
 B - a cursed +0 halberd
Armour
 c - a +1 shield (worn)
 e - a +0 robe of positive energy
 s - a +2 cloak (worn)
 D - a +1 plate armour (worn)
 H - a +2 pair of gloves (worn)
Jewellery
 g - an uncursed ring of ice
 i - a ring of stealth (left hand)
 m - a ring of positive energy (right hand)
Scrolls
 n - 4 scrolls of teleportation
 p - 2 scrolls of remove curse
 y - 2 scrolls of identify
 F - a scroll of recharging
 G - a scroll of blinking
Potions
 b - a potion of restore abilities
 f - 3 potions of brilliance
 r - 3 potions of curing
 u - a potion of flight
 C - a potion of cancellation
 E - a potion of haste
Comestibles
 d - 10 bread rations
 j - 9 beef jerkies
 l - 3 meat rations
 z - 6 fruits


   Skills:
 * Level 10.2 Fighting
 + Level 9.1 Axes
 + Level 8.5 Armour
 + Level 5.5 Dodging
 + Level 8.5 Shields


You had 9 spell levels left.
You didn't know any spells.

Dungeon Overview and Level Annotations

Branches:
Dungeon (8/15)             Temple (0/1) D:4            Lair (1/8) D:8

Altars:
Ashenzari
Elyvilon
Gozag
Makhleb
Nemelex Xobeh
Qazlal
Ru
Xom
Yredelemnul
The Shining One

Shops:
D:4 *   D:7 *


Innate Abilities, Weirdness & Mutations

You reflexively headbutt those who attack you in melee.
You have a pair of horns on your head.


Message History

The 12-headed hydra bites you!
* * * LOW HITPOINT WARNING * * *
The 12-headed hydra bites you but does no damage.
The 12-headed hydra bites you.
* * * LOW HITPOINT WARNING * * *
The 12-headed hydra bites you but does no damage. x2
The 12-headed hydra bites you.
* * * LOW HITPOINT WARNING * * *
You block the 12-headed hydra's attack.
You feel better. You block the 12-headed hydra's attack.
The 12-headed hydra bites you.
* * * LOW HITPOINT WARNING * * *
The 12-headed hydra closely misses you. The 12-headed hydra bites you!
* * * LOW HITPOINT WARNING * * *
The 12-headed hydra bites you but does no damage.
The 12-headed hydra bites you!
* * * LOW HITPOINT WARNING * * *
The 12-headed hydra bites you but does no damage.
The 12-headed hydra bites you!
You die...

##...# ####.##### ## ##.##
##P.....P.# #.
#..###.........####.
##.P#............... .
####..#..............#
....#.#.................##
..........................#
..........D...............
.#######.@#...............
####..#D..............
##.....##.......)....#.
#......#............##.
........#............####
..................### #
..........##†.....# ####
.....#...####..#### #.##
...#...## #### ####..


You could see a 12-headed hydra.

Vanquished Creatures
  Erica (Lair:1)
  A basilisk (Lair:1)
  Eustachio (D:4)
  2 hippogriffs
  2 wargs (D:8)
  3 wolves (Lair:1)
  A sky beast (D:8)
  A porcupine (Lair:1)
  A centaur (D:5)
  A black bear (D:8)
  2 orc warriors
  3 ogres
  The ghost of edsrzf the Chucker, an average DsHu (D:5)
  2 ice beasts
  A big kobold (Sewer)
  A crocodile (Lair:1)
  Sigmund (D:4)
  Duvessa (D:4)
  3 giant frogs
  3 scorpions
  5 wights (D:6)
  2 giant frog zombies
  Dowan (D:4)
  2 crimson imps
  2 hounds
  3 orc priests
  A giant frog skeleton (D:4)
  3 iguanas
  6 orc wizards
  7 worker ants
  A mummy (D:7)
  4 gnolls (D:2)
  A river rat (D:4)
  13 adders
  A giant mite (D:7)
  4 worms
  5 giant geckos
  14 orcs
  A ball python (D:2)
  14 bats
  2 giant cockroaches
  9 hobgoblins
  7 jackals
  13 kobolds
  2 oozes
  A giant gecko skeleton (D:4)
  3 giant newts
  10 goblins
  6 quokkas
  A quokka skeleton (D:4)
  19 rats
  A fungus (Lair:1)
  3 plants
199 creatures vanquished.

Vanquished Creatures (others)
  A giant gecko (D:7)
  A goblin (D:7)
  A giant spore (D:7)
  A quokka (D:7)
4 creatures vanquished.

Grand Total: 203 creatures vanquished

Notes
Turn   | Place    | Note
--------------------------------------------------------------
     0 | D:1      | MaybeFactor, the Minotaur Fighter, began the quest for the Orb.
     0 | D:1      | Reached XP level 1. HP: 19/19 MP: 1/1
   507 | D:2      | Found a white marble altar of Elyvilon.
   510 | D:2      | Reached XP level 2. HP: 25/27 MP: 1/1
   513 | D:2      | Reached skill level 4 in Shields
   532 | D:2      | Became a worshipper of Elyvilon the Healer
   576 | D:2      | Found a sacrificial altar of Ru.
   579 | D:2      | Noticed an orc wizard
   584 | D:2      | Killed an orc wizard
   584 | D:2      | Reached XP level 3. HP: 33/33 MP: 2/2
   954 | D:2      | Reached XP level 4. HP: 40/40 MP: 2/2
   963 | D:2      | Reached skill level 1 in Dodging
  1299 | D:3      | Reached XP level 5. HP: 47/47 MP: 2/2
  1427 | D:3      | Found a stormy altar of Qazlal.
  1516 | D:3      | Acquired Elyvilon's first power
  1517 | D:3      | Found a burning altar of Makhleb.
  1855 | D:4      | Found an opulent altar of Gozag.
  1878 | D:4      | Found Gozag's Platinum Reserve.
  1974 | D:4      | Reached skill level 5 in Shields
  2016 | D:4      | Noticed Eustachio
  2017 | D:4      | Reached skill level 5 in Fighting
  2017 | D:4      | Reached XP level 6. HP: 44/56 MP: 0/3
  2066 | D:4      | Killed Eustachio
  2066 | D:4      | Reached skill level 5 in Armour
  2067 | D:4      | Noticed Duvessa
  2067 | D:4      | Noticed Dowan
  2077 | D:4      | Killed Duvessa
  2082 | D:4      | Killed Dowan
  2082 | D:4      | Reached XP level 7. HP: 28/62 MP: 3/3
  2107 | D:4      | Found a shattered altar of Ashenzari.
  2120 | D:4      | Found a shattered altar of Ashenzari.
  2324 | D:4      | Found a staircase to the Ecumenical Temple.
  2337 | D:4      | Noticed Sigmund
  2346 | D:4      | Killed Sigmund
  2497 | D:4      | Reached skill level 6 in Fighting
  2637 | D:5      | Entered Level 5 of the Dungeon
  2775 | D:5      | Reached skill level 5 in Axes
  2863 | D:5      | Gained mutation: Armour fits poorly on your strangely shaped body. [potion of mutation]
  2863 | D:5      | Gained mutation: Your magical capacity is low (-10% MP). [potion of mutation]
  2863 | D:5      | Gained mutation: You are dopey. (Int -2) [potion of mutation]
  3003 | D:5      | Noticed edsrzf's ghost (average DsHu)
  3026 | D:5      | Killed edsrzf's ghost
  3026 | D:5      | Reached XP level 8. HP: 24/71 MP: 0/2
  3184 | D:6      | Reached skill level 7 in Fighting
  3273 | D:6      | Gained mutation: You are covered in fur (AC +1). [potion of mutation]
  3273 | D:6      | Gained mutation: You are very dopey. (Int -4) [potion of mutation]
  3273 | D:6      | Gained mutation: Your magical capacity is very low (-20% MP). [potion of mutation]
  3370 | D:6      | Acquired Elyvilon's second power
  3508 | D:6      | Found a sparkling altar of Nemelex Xobeh.
  3591 | D:6      | Found a glowing drain.
  3598 | Sewer    | Entered a sewer
  3707 | Sewer    | Found a glowing silver altar of Zin.
  3936 | D:6      | Found a shimmering altar of Xom.
  4159 | D:7      | Reached skill level 8 in Fighting
  4420 | D:7      | Found Stoin Shro's Elemental Accessories.
  4518 | D:7      | Reached XP level 9. HP: 80/82 MP: 3/3
  4600 | D:7      | Reached skill level 5 in Dodging
  4866 | D:7      | Lost mutation: Armour fits poorly on your strangely shaped body. [potion of mutation]
  4866 | D:7      | Gained mutation: Scrolls take you a little longer to read. [potion of mutation]
  4866 | D:7      | Gained mutation: You are partially covered in thin metallic scales (AC +2). [potion of mutation]
  4911 | D:8      | Gained mutation: You are agile. (Dex +2) [mutagenic meat]
  4912 | D:8      | Lost mutation: Your magical capacity is very low (-20% MP). [mutagenic meat]
  5025 | D:8      | Found a staircase to the Lair.
  5038 | D:8      | Reached skill level 9 in Fighting
  5397 | D:8      | Found a basalt altar of Yredelemnul.
  5398 | D:8      | Noticed a profane servitor
  5414 | D:8      | Found a glowing golden altar of the Shining One.
  5415 | D:8      | Noticed an angel
  5438 | D:8      | Lost mutation: Your magical capacity is low (-10% MP). [potion of cure mutation]
  5438 | D:8      | Lost mutation: You are partially covered in thin metallic scales (AC +2). [potion of cure mutation]
  5438 | D:8      | Lost mutation: Scrolls take you a little longer to read. [potion of cure mutation]
  5438 | D:8      | Lost mutation: You are covered in fur (AC +1). [potion of cure mutation]
  5438 | D:8      | Lost mutation: You are agile. (Dex +2) [potion of cure mutation]
  5439 | D:8      | Lost mutation: You are very dopey. (Int -4) [potion of cure mutation]
  5439 | D:8      | Lost mutation: You are dopey. (Int -2) [potion of cure mutation]
  5467 | D:8      | Acquired Elyvilon's third power
  5866 | Lair:1   | Entered Level 1 of the Lair of Beasts
  5866 | Lair:1   | Noticed Erica
  5878 | Lair:1   | Killed Erica
  6022 | Lair:1   | Reached XP level 10. HP: 89/93 MP: 4/4
  6297 | Lair:1   | Reached skill level 10 in Fighting
  6479 | Lair:1   | Noticed a seven-headed hydra
  6515 | Lair:1   | HP: 3/93 [12-headed hydra (9)]
  6515 | Lair:1   | Mangled by a 12-headed hydra

Action                   |  1- 3 |  4- 6 |  7- 9 | 10-12 || total
-------------------------+-------+-------+-------+-------++-------
Melee: War axe           |    73 |   137 |   380 |    39 ||   629
Invok: Lesser Healing    |       |     4 |    32 |     6 ||    42
       Purification      |       |       |       |     1 ||     1
  Use: Scroll            |    10 |     4 |    14 |     3 ||    31
       Potion            |     2 |     2 |    10 |     1 ||    15
 Stab: Paralysed         |     2 |       |       |       ||     2
  Eat: Chunk             |       |     5 |    17 |     2 ||    24
       Pizza             |       |       |     2 |       ||     2
